 Dungeon Crawl Stone Soup version 0.28.0-43-g3370ac3207 (webtiles) character file.

Game seed: 416974101689631182

44 pkoi the Skirmisher (level 3, 0/33 HPs)
             Began as a Draconian Monk on Mar 11, 2022.
             Slain by a gnoll
             ... wielding a +0 spear
              (1 damage)
             ... on level 2 of the Dungeon.
             The game lasted 00:04:15 (1605 turns).

pkoi the Skirmisher (Draconian Monk)                Turns: 1605, Time: 00:04:16

Health: 0/33       AC:  6    Str: 13    XL:     3   Next: 39%
Magic:  3/3        EV: 13    Int: 12    God:
Gold:   33         SH:  0    Dex: 13    Spells: 2/2 levels left

rFire   . . .      SeeInvis .     - Unarmed
rCold   . . .      Faith    .   (no shield)
rNeg    . . .      Spirit   .   (armour unavailable)
rPois   .          Reflect  .   (helmet restricted)
rElec   .          Harm     .   (no cloak)
rCorr   .          Rampage  .   d - +0 pair of gloves
Will    .....                   (no boots)
Stlth   ++........              (no amulet)
HPRegen 0.11/turn               (no ring)
MPRegen 0.08/turn               (no ring)

@: no status effects
A: AC +5, unfitting armour, cold-blooded
a: no special abilities


You were on level 2 of the Dungeon.
You visited 1 branch of the dungeon, and saw 2 of its levels.

You collected 33 gold pieces.

Inventory:

Hand Weapons
 e - a +0 whip
Armour
 d - a +0 pair of gloves (worn)
Scrolls
 a - a scroll of enchant weapon {unknown}
 c - 3 scrolls of teleportation {unknown}
 f - a scroll of blinking {unknown}
 g - a scroll of identify {unknown}


   Skills:
 + Level 3.7 Fighting
 + Level 3.1 Dodging
 + Level 2.4 Stealth
 + Level 3.3 Unarmed Combat


You had 2 spell levels left.
You didn't know any spells.
Your spell library contained the following spells:

 Spells                   Type           Power      Damage    Failure   Level
 Ensorcelled Hibernation  Hex/Ice        0%         N/A       45%         2
 Spider Form              Tmut/Pois      0%         N/A       69%         3
 Anguish                  Hex/Necr       0%         N/A       97%         4


Dungeon Overview and Level Annotations

Branches:
Dungeon (2/15)

Altars:

Shops:
D:1 (   D:2 :


Innate Abilities, Weirdness & Mutations

Your plain brown scales are hard. (AC +5)
You cannot fit into any form of body armour.
You are cold-blooded and may be slowed by cold attacks.


Message History

You see here a +0 ring mail.
You see here a rat corpse.
Done exploring.
Done exploring.
Done exploring.
Done exploring.
Done exploring.
(D) Dungeon
Where to? (? - help)
There is a stone staircase leading down here.
You climb downwards.
There is a stone staircase leading up here.
There are monsters nearby!
Unknown command.
The gnoll barely misses you. The gnoll hits you with a +0 spear.
The gnoll barely misses you. The gnoll hits you with a +0 spear.
The gnoll hits you from afar with a +0 spear.
* * * LOW HITPOINT WARNING * * *
Found a scroll labelled TATITA ZINI.
The gnoll hits you from afar with a +0 spear.
* * * LOW HITPOINT WARNING * * *
The gnoll barely misses you. The gnoll hits you with a +0 spear!
* * * LOW HITPOINT WARNING * * *
You hit the gnoll.
The gnoll is lightly wounded.
The gnoll closely misses you. The gnoll barely misses you.
You closely miss the gnoll.
The gnoll is lightly wounded.
The gnoll hits you with a +0 spear!
* * * LOW HITPOINT WARNING * * *
The gnoll barely misses you.
You hit the gnoll.
The gnoll is heavily wounded.
The gnoll hits you with a +0 spear.
* * * LOW HITPOINT WARNING * * *
The gnoll closely misses you.
It was a potion of cancellation.
You feel magically purged. The gnoll hits you but does no damage.
The gnoll hits you with a +0 spear.
You die...

......##..# .##.#.##..#
### .##.#.##..###>....
............. ..#
###.#.##..# #.#
..........######.######
###...............?...#
..#......∩.∩.###.#
#.....##.....###@########
#.#.#.##.∩.∩...gg........
#.#.#.##.#......<########
#.#.#†####..####.########
#.#.#.# #..##..........#
###.#.# #..##......)...#
#.#.# #..##..........#
#.#.# ##.##..........#
###.# #.##..........#


You could see 2 gnolls.

Vanquished Creatures
  2 dart slugs (D:1)
  5 ball pythons
  An endoplasm (D:1)
  A giant cockroach (D:2)
  3 goblins (D:1)
  5 hobgoblins
  4 jackals (D:1)
  A quokka (D:1)
  2 bats (D:2)
  3 frilled lizards
  3 kobolds (D:1)
  8 rats (D:1)
38 creatures vanquished.

Notes
Turn   | Place    | Note
-------+----------+-------------------------------------------
     0 | D:1      | pkoi the Draconian Monk began the quest for the Orb.
     0 | D:1      | Reached XP level 1. HP: 19/19 MP: 1/1
    39 | D:1      | You fall into a shaft and drop 1 floor!
   239 | D:2      | Found Yrimepre's Book Shoppe.
   286 | D:2      | Reached XP level 2. HP: 12/26 MP: 2/2
  1336 | D:1      | Reached XP level 3. HP: 32/33 MP: 3/3
  1438 | D:1      | Found Pievuv's Antique Weapon Shop.
  1604 | D:2      | HP: 1/33 [gnoll/+0 spear (5)]
  1605 | D:2      | Slain by a gnoll

Illustrated notes

Levels and vault maps discovered:
D:1:      ebering_trefoil_twist, layout_rooms, serial_glass, glass_columns_b,
          glass_columns_c, serial_shops, nicolae_shop_overgrown_old_shop
D:2:      layout_basic, serial_shops, nicolae_shop_competitors_out_of_business

Skill      XL: |  1  2 |
---------------+-------+-----
Stealth        | 2 |  2.4
Dodging        | 3 |  3.1
Fighting       | |  3.7
Unarmed Combat | |  3.3

Action                   || total
-------------------------++-------
Melee: Unarmed           ||   133
       Punch             ||     5
       Tailslap          ||    14
  Use: Potion            ||     1
 Stab: Sleeping          ||     3
Armor: Skin              ||    30
Dodge: Dodged            ||   105
